[Event "Titled Tuesday Blitz August 09 Early 2022"]
[White "Barp, Alberto"]
[Black "Mikhnenko, Alexander"]
[WhiteFideId "872555"]
[BlackFideId "34143014"]
[WhiteElo "2229"]
[BlackElo "2134"]
[Result "0-1"]
[Round "03"]
[TimeControl "180+1"]
[Date "2022.08.09"]
[WhiteClock "0:00:04"]
[BlackClock "0:00:17"]

1. d4 d5 2. c4 e6 3. Nf3 c6 4. Nc3 Nf6 5. g3 dxc4 6. Bg2 b5 7. Ne5 Nd5 8. O-O Be7 9. e4 Nxc3 10. bxc3 O-O 11. a4 Bb7 12. Rb1 a6 13. Nxc4 Nd7 14. Ne3 Qb6 15. c4 Rfd8 16. c5 Qc7 17. Qc2 e5 18. Nf5 Bf8 19. Be3 g6 20. Nh6+ Bxh6 21. Bxh6 exd4 22. f4 Qa5 23. f5 Qc3 24. Qf2 Rf8 25. Bxf8 Rxf8 26. Rfc1 Qe3 27. axb5 axb5 28. Ra1 Qxf2+ 29. Kxf2 Ne5 30. Ra7 Nd3+ 31. Kf1 Nxc1 32. Rxb7 Rd8 33. fxg6 hxg6 34. Bh3 d3 35. Rd7 Rxd7 36. Bxd7 d2 37. Bg4 b4 38. Bd1 b3 39. Bxb3 Nxb3 40. Ke2 Nxc5 41. e5 Nb3 42. g4 c5 43. h4 c4 44. Kd1 c3 45. g5 Nd4 0-1


[Site "https://www.chess.com"]

[Event "Titled Tuesday Blitz August 09 Early 2022"]
[White "Bashirli, Saadat"]
[Black "Ljukin, Sergei"]
[WhiteFideId "13429990"]
[BlackFideId "14102200"]
[WhiteElo "1173"]
[BlackElo "2312"]
[Result "0-1"]
[Round "03"]
[TimeControl "180+1"]
[Date "2022.08.09"]
[WhiteClock "0:00:17"]
[BlackClock "0:00:31"]

1. d4 d5 2. Bg5 f6 3. Bh4 Nh6 4. e3 Nf5 5. Bg3 h5 6. Nf3 h4 7. Bf4 g5 8. Nxg5 fxg5 9. Bxg5 Nc6 10. Bd3 Qd6 11. Bf4 Qg6 12. O-O Rg8 13. g3 hxg3 14. fxg3 e6 15. Bxf5 exf5 16. Bxc7 Be6 17. Bf4 O-O-O 18. Nc3 Bd6 19. Bxd6 Rxd6 20. Nb5 Rd7 21. Qf3 Qg4 22. Qxg4 fxg4 23. Rf6 Re7 24. Raf1 a6 25. Nd6+ Kc7 26. Nf5 Bxf5 27. R1xf5 Rxe3 28. Rxd5 Re2 29. Rc5 Kb6 30. Rc3 Ka7 31. Rd3 Rh8 32. d5 Ne5 33. Rd1 Nf3+ 34. Kf1 Rhxh2 35. d6 Ref2# 0-1


[Site "https://www.chess.com"]

[Event "Titled Tuesday Blitz August 09 Early 2022"]
[White "Bazeev, German"]
[Black "Leschinsky, Gary"]
[WhiteFideId "24119350"]
[BlackFideId "30951321"]
[WhiteElo "2493"]
[BlackElo "1809"]
[Result "1-0"]
[Round "03"]
[TimeControl "180+1"]
[Date "2022.08.09"]
[WhiteClock "0:00:11"]
[BlackClock "0:00:03"]

1. d4 d5 2. Nf3 Nf6 3. c4 c6 4. Nc3 e6 5. e3 Nbd7 6. Bd3 dxc4 7. Bxc4 b5 8. Bd3 Bd6 9. O-O O-O 10. h3 Bb7 11. Qc2 b4 12. Ne4 Nxe4 13. Bxe4 f5 14. Bd3 c5 15. Qe2 Rc8 16. b3 Qe7 17. Bb2 cxd4 18. exd4 Nf6 19. Rac1 Nd5 20. Rxc8 Rxc8 21. Bc4 h6 22. Re1 Re8 23. Bc1 Kh7 24. Bd2 Qf6 25. Ne5 Re7 26. f3 a5 27. Qf2 Rc7 28. Nd3 Re7 29. Nc5 Bc6 30. Nd3 Nb6 31. Ba6 Bd5 32. Bb5 Rc7 33. Bf4 Bxf4 34. Nxf4 Rc3 35. Bf1 g5 36. Nh5 Qf7 37. Ng3 Qc7 38. h4 Rc2 39. Re2 Rxe2 40. Nxe2 Kg6 41. hxg5 hxg5 42. Qe3 Qc2 43. Qe5 Nd7 44. Qh8 Nf6 45. f4 g4 46. Qh4 Be4 47. Ng3 Qd2 48. Qg5+ Kf7 49. Qh6 Qxd4+ 50. Kh2 Qe3 51. Qg5 Qf2 52. Bc4 Bd5 53. Bf1 Be4 54. Qh4 Bd5 55. Nxf5 Qxh4+ 56. Nxh4 Ne4 57. Be2 Nd6 58. Bxg4 a4 59. Bh5+ Ke7 60. Bd1 axb3 61. Bxb3 Bxb3 62. axb3 Nb5 63. Nf3 Nc3 64. Nd4 Nd1 65. g4 Kd6 66. g5 Ne3 67. g6 Ke7 68. g7 Kf7 69. Nxe6 Nd5 70. Kg3 Nc3 71. Kf3 Nb5 72. Ke4 Nd6+ 73. Kd5 Ne8 74. f5 Nf6+ 75. Kc4 Ne4 76. Kxb4 Nd6 77. Nd4 Kxg7 78. Kc5 Ne4+ 79. Kd5 Nc3+ 80. Kc4 Ne4 81. b4 Kf6 82. Kd5 Nc3+ 83. Kc6 Ke5 84. b5 Kxd4 85. f6 Nd5 86. f7 Nb4+ 1-0


[Site "https://www.chess.com"]

[Event "Titled Tuesday Blitz August 09 Early 2022"]
[White "Begunov, Konstantin"]
[Black "Radu, David Cr."]
[WhiteFideId "4118510"]
[BlackFideId "1265717"]
[WhiteElo "2262"]
[BlackElo "1678"]
[Result "1-0"]
[Round "03"]
[TimeControl "180+1"]
[Date "2022.08.09"]
[WhiteClock "0:00:06"]
[BlackClock "0:00:02"]

1. d4 d5 2. c4 e6 3. Nc3 c5 4. Nf3 Nc6 5. g3 Nf6 6. cxd5 exd5 7. Bg2 Be7 8. O-O O-O 9. Bg5 cxd4 10. Nxd4 h6 11. Be3 Be6 12. Nxc6 bxc6 13. Na4 Re8 14. Rc1 Qd7 15. Bc5 Bh3 16. Bxe7 Rxe7 17. Nc5 Qf5 18. Qc2 Qh5 19. Bf3 Bg4 20. Qd3 Rae8 21. Rfd1 Qe5 22. Qc3 Qf5 23. Rd4 Qg5 24. Rcd1 h5 25. Nd3 h4 26. Nf4 hxg3 27. hxg3 Qe5 28. Qxc6 Rc8 29. Qb5 Rc2 30. Nxd5 Nxd5 31. Rxg4 1-0


[Site "https://www.chess.com"]

[Event "Titled Tuesday Blitz August 09 Early 2022"]
[White "Belozerov, Andrei"]
[Black "Onslow, Alfie"]
[WhiteFideId "4120213"]
[BlackFideId "436976"]
[WhiteElo "2320"]
[BlackElo "1885"]
[Result "1-0"]
[Round "03"]
[TimeControl "180+1"]
[Date "2022.08.09"]
[WhiteClock "0:00:16"]
[BlackClock "0:00:01"]

1. e4 c5 2. Nf3 Nc6 3. Bb5 g6 4. Bxc6 dxc6 5. d3 Bg7 6. h3 e5 7. Be3 Qd6 8. Nbd2 Be6 9. Nc4 Bxc4 10. dxc4 Qe6 11. Qe2 b6 12. O-O f5 13. Ng5 Qf6 14. exf5 gxf5 15. Rad1 Ne7 16. Qh5+ Qg6 17. Ne6 Kf7 18. Nxg7 Kxg7 19. Qh4 Qe6 20. Rd3 f4 21. Bd2 Ng6 22. Qg5 h6 23. Qh5 Rhd8 24. Bc3 Kh7 25. Re1 e4 26. Qe2 Re8 27. Qd1 Re7 28. Rd6 Qxc4 29. Qg4 Qf7 30. Rxc6 Rg8 31. Qh5 f3 32. g3 e3 33. Rxe3 Rxe3 34. fxe3 f2+ 35. Kf1 Rd8 36. Rf6 Qg8 37. Qf5 Rd1+ 38. Kxf2 Rc1 39. Rf7+ 1-0


[Site "https://www.chess.com"]

[Event "Titled Tuesday Blitz August 09 Early 2022"]
[White "Bharath Subramaniyam H"]
[Black "Krzywda, Andrzej"]
[WhiteFideId "46634827"]
[BlackFideId "1114565"]
[WhiteElo "2346"]
[BlackElo "2098"]
[Result "1-0"]
[Round "03"]
[TimeControl "180+1"]
[Date "2022.08.09"]
[WhiteClock "0:00:10"]
[BlackClock "0:00:14"]

1. e4 c5 2. Nf3 Nc6 3. Bb5 e5 4. O-O Bd6 5. c3 a6 6. Ba4 b5 7. Bc2 Nge7 8. d4 cxd4 9. cxd4 Nxd4 10. Nxd4 exd4 11. Nd2 Qc7 12. Nf3 O-O 13. Re1 Ng6 14. h3 Bc5 15. a3 Bb7 16. b4 Bb6 17. Bb2 Qf4 18. Bxd4 Bxd4 19. Qxd4 d6 20. Rad1 Ne5 21. Nxe5 dxe5 22. Qb6 Bc8 23. Bb3 Kh8 24. Rd8 Be6 25. Rxa8 Rxa8 26. Bxe6 fxe6 27. Qxe6 Rf8 28. Qb6 h5 29. Rf1 Rf6 30. Qb7 Rg6 31. Kh1 Qg5 32. Rg1 Qd2 33. Qc8+ Kh7 34. Qf5 Kh6 35. f3 Qc3 36. h4 Qxa3 37. Qxe5 Qxb4 38. g4 Qb3 39. Qxh5# 1-0


[Site "https://www.chess.com"]

[Event "Titled Tuesday Blitz August 09 Early 2022"]
[White "Blanco Ronquillo, Humberto L."]
[Black "Jiganchine, Roman"]
[WhiteFideId "3504239"]
[BlackFideId "2603667"]
[WhiteElo "2425"]
[BlackElo "2298"]
[Result "1-0"]
[Round "03"]
[TimeControl "180+1"]
[Date "2022.08.09"]
[WhiteClock "0:00:36"]
[BlackClock "0:00:20"]

1. d4 d5 2. c4 e6 3. Nc3 Nf6 4. Nf3 c5 5. cxd5 cxd4 6. Qxd4 exd5 7. Bg5 Be7 8. e3 O-O 9. Rd1 Nc6 10. Qa4 h6 11. Bh4 Be6 12. Be2 Qb6 13. Qb5 Qxb5 14. Bxb5 g5 15. Bg3 Ne4 16. Nxd5 Bxd5 17. Rxd5 Bb4+ 18. Ke2 Nf6 19. Rf5 Nh5 20. Bxc6 bxc6 21. Rc1 Ng7 22. Re5 c5 23. a3 Ba5 24. Rexc5 Bb6 25. Rc6 Ne6 26. Ne5 Rad8 27. Nc4 Rfe8 28. Be5 f6 29. Bxf6 Nf4+ 30. Kf3 Nd3 31. Nxb6 Nxc1 32. Bxd8 Nd3 33. Nc4 Rxd8 34. Rd6 Ne5+ 35. Ke4 Rxd6 36. Nxd6 Ng4 37. f4 gxf4 38. exf4 Nxh2 39. b4 Ng4 40. Nb5 a6 41. Nc7 Nf2+ 42. Kd4 Kf7 43. Nxa6 h5 44. Nc5 h4 45. Nd3 Ng4 46. Ne5+ 1-0


[Site "https://www.chess.com"]

[Event "Titled Tuesday Blitz August 09 Early 2022"]
[White "Bolourchifard, Farzad"]
[Black "Balint, Vilmos"]
[WhiteFideId "12510084"]
[BlackFideId "718050"]
[WhiteElo "2317"]
[BlackElo "2059"]
[Result "1-0"]
[Round "03"]
[TimeControl "180+1"]
[Date "2022.08.09"]
[WhiteClock "0:00:37"]
[BlackClock "0:01:20"]

1. e4 e6 2. d4 d5 3. exd5 exd5 4. Nf3 Nf6 5. Bg5 Be7 6. Bd3 O-O 7. O-O Re8 8. c3 h6 9. Bh4 Nbd7 10. Nbd2 Nf8 11. Re1 Ng6 12. Bg3 Bd6 13. Ne5 Nf8 14. Qc2 c5 15. dxc5 Bxc5 16. Nb3 Bd6 17. Nd4 Be6 18. Rad1 a6 19. h3 Rc8 20. Bh4 N8d7 21. Bh7+ Kh8 22. Nxe6 Qe7 23. Nxd7 Qxd7 24. Bxf6 Rxe6 25. Bd4 Bc5 26. Bf5 Rxe1+ 27. Rxe1 1-0


[Site "https://www.chess.com"]

[Event "Titled Tuesday Blitz August 09 Early 2022"]
[White "Bortnyk, Olexandr"]
[Black "Skliarov, Viktor"]
[WhiteFideId "14120828"]
[BlackFideId "14106736"]
[WhiteElo "2723"]
[BlackElo "2257"]
[Result "1-0"]
[Round "03"]
[TimeControl "180+1"]
[Date "2022.08.09"]
[WhiteClock "0:00:56"]
[BlackClock "0:00:02"]

1. d4 Nf6 2. Nc3 g6 3. e4 d6 4. Bg5 Bg7 5. Qd2 h6 6. Bh4 g5 7. Bg3 Nh5 8. O-O-O c6 9. Kb1 Nd7 10. Be2 Nxg3 11. hxg3 b5 12. f4 b4 13. Na4 Qa5 14. b3 Nb6 15. Nb2 c5 16. dxc5 Qa3 17. e5 Bf5 18. cxb6 axb6 19. Bb5+ Kf8 20. Na4 Rc8 21. Bd3 Bd7 22. Nxb6 Rc7 23. Nc4 Qa8 24. Nf3 g4 25. Nd4 dxe5 26. fxe5 Ra7 27. Nb6 Qb8 28. Qxb4 Qxe5 29. Rhe1 Qxd4 30. Qxe7+ Kg8 31. Bh7+ Kxh7 32. Rxd4 Bxd4 33. Qxf7+ Bg7 34. Nxd7 Rxa2 35. Nf6# 1-0


[Site "https://www.chess.com"]

[Event "Titled Tuesday Blitz August 09 Early 2022"]
[White "Bressac, Stephane"]
[Black "Perez Rodriguez, Jennifer"]
[WhiteFideId "655945"]
[BlackFideId "3507831"]
[WhiteElo "2339"]
[BlackElo "2170"]
[Result "1-0"]
[Round "03"]
[TimeControl "180+1"]
[Date "2022.08.09"]
[WhiteClock "0:00:10"]
[BlackClock "0:00:16"]

1. e4 e5 2. Nf3 Nc6 3. d4 exd4 4. Nxd4 Bb4+ 5. c3 Bc5 6. Be3 Bb6 7. Nf5 Bxe3 8. Nxe3 Nge7 9. c4 d6 10. Nc3 O-O 11. Be2 f5 12. exf5 Nxf5 13. Nxf5 Bxf5 14. O-O Ne5 15. f4 Nc6 16. Bf3 Be6 17. Nd5 Kh8 18. g3 Qd7 19. Qd2 Rae8 20. Rfe1 Bf7 21. b3 Rxe1+ 22. Rxe1 Re8 23. Re3 Rxe3 24. Qxe3 a6 25. Kg2 h6 26. h4 Nd8 27. Be4 c6 28. Nc3 Qe7 29. Kf2 Qf6 30. Bc2 Ne6 31. Ne4 Qb2 32. Qd2 Bg6 33. Ke3 Nc7 34. Bd3 Qxd2+ 35. Kxd2 d5 36. Nc5 b6 37. Nxa6 Bxd3 38. Nxc7 dxc4 39. Kc3 cxb3 40. axb3 Be4 41. Ne6 Kg8 42. Kd4 Bc2 43. b4 Bd1 44. Ke5 Bf3 45. Kd6 Kf7 46. Nd8+ Kf6 47. Nxc6 Kf5 48. Nd4+ Kg4 49. Nxf3 Kxf3 50. Kc6 Kxg3 51. Kxb6 Kxh4 52. Kc5 Kg4 53. b5 h5 54. b6 h4 55. b7 h3 56. b8=Q Kg3 57. f5+ Kg2 58. Qg8 h2 59. Qxg7+ Kf3 60. Qh6 Kg2 61. Qxh2+ Kxh2 62. f6 1-0


[Site "https://www.chess.com"]

[Event "Titled Tuesday Blitz August 09 Early 2022"]
[White "Bristy, Mukherjee"]
[Black "Shohat, Yotam"]
[WhiteFideId "25077325"]
[BlackFideId "2813955"]
[WhiteElo "1661"]
[BlackElo "2119"]
[Result "0-1"]
[Round "03"]
[TimeControl "180+1"]
[Date "2022.08.09"]
[WhiteClock "0:00:51"]
[BlackClock "0:00:13"]

1. d4 Nf6 2. c3 g6 3. Bg5 Bg7 4. e3 O-O 5. Nd2 d5 6. h4 h6 7. Bf4 c5 8. dxc5 Nc6 9. Ngf3 Ng4 10. Nd4 e5 11. Nxc6 bxc6 12. Bg3 f5 13. h5 f4 14. Be2 fxg3 15. Bxg4 gxf2+ 16. Kf1 Qg5 17. Bxc8 Raxc8 18. hxg6 Qxe3 19. Rh3 Qg5 20. Qc2 e4 21. Nb3 Qxg6 22. Rd1 Rf5 23. Rd2 Rcf8 24. Re2 Qxg2+ 25. Kxg2 f1=Q+ 26. Kh2 Be5+ 27. Rg3+ Bxg3+ 28. Kxg3 Rg5+ 29. Kh4 Qf4+ 30. Kh3 Qg3# 0-1


[Site "https://www.chess.com"]

[Event "Titled Tuesday Blitz August 09 Early 2022"]
[White "Buscar, Michael"]
[Black "Stoleriu, George"]
[WhiteFideId "2603616"]
[BlackFideId "1227505"]
[WhiteElo "2010"]
[BlackElo "2194"]
[Result "0-1"]
[Round "03"]
[TimeControl "180+1"]
[Date "2022.08.09"]
[WhiteClock "0:00:08"]
[BlackClock "0:01:01"]

1. c4 e6 2. Nf3 Nf6 3. g3 b6 4. Bg2 Bb7 5. d4 c5 6. O-O cxd4 7. Nxd4 Bxg2 8. Kxg2 Be7 9. b3 O-O 10. Bb2 d5 11. cxd5 Qxd5+ 12. Nf3 Nc6 13. Nc3 Qxd1 14. Rfxd1 Rfd8 15. Nb5 Ne4 16. Rac1 Nb4 17. a3 Nd5 18. Nc7 Nxc7 19. Rxd8+ Bxd8 20. Ne5 Nd5 21. f3 Nc5 22. e4 Nf6 23. b4 Ncd7 24. Nc6 Kf8 25. Rd1 Ke8 26. g4 h6 27. h4 Rc8 28. b5 a6 29. a4 axb5 30. axb5 Ra8 31. Bd4 Ra2+ 32. Kg1 Bc7 33. g5 hxg5 34. hxg5 Nh5 35. Be3 Nf4 36. Bd4 Ne2+ 37. Kf1 Nxd4 38. Rxd4 Ne5 0-1


[Site "https://www.chess.com"]

[Event "Titled Tuesday Blitz August 09 Early 2022"]
[White "Butti, Enrique"]
[Black "Kostiukov, Alexandr"]
[WhiteFideId "3700470"]
[BlackFideId "14108100"]
[WhiteElo "2080"]
[BlackElo "2202"]
[Result "0-1"]
[Round "03"]
[TimeControl "180+1"]
[Date "2022.08.09"]
[WhiteClock "0:00:01"]
[BlackClock "0:00:20"]

1. d4 g6 2. e4 Bg7 3. Nc3 d6 4. Be3 e5 5. Nge2 exd4 6. Nxd4 Nc6 7. Qd2 Nge7 8. f3 O-O 9. Be2 f5 10. exf5 Nxf5 11. Nxf5 Bxf5 12. O-O Qd7 13. Nd5 Rae8 14. Rfe1 b6 15. c3 Ne5 16. f4 Ng4 17. Bxg4 Bxg4 18. Bd4 c6 19. Bxg7 Qxg7 20. Nb4 Qd7 21. Rxe8 Rxe8 22. Re1 a5 23. Nd3 Bf5 24. Nf2 d5 25. Re5 Rxe5 26. fxe5 c5 27. Qf4 d4 28. g4 Bb1 0-1


[Site "https://www.chess.com"]

[Event "Titled Tuesday Blitz August 09 Early 2022"]
[White "Carlsson, Ludvig"]
[Black "Szpar, Milosz"]
[WhiteFideId "1727010"]
[BlackFideId "1184989"]
[WhiteElo "2195"]
[BlackElo "2422"]
[Result "1-0"]
[Round "03"]
[TimeControl "180+1"]
[Date "2022.08.09"]
[WhiteClock "0:00:32"]
[BlackClock "0:00:03"]

1. Nf3 c5 2. g3 Nc6 3. c4 e5 4. Nc3 g6 5. Bg2 Bg7 6. O-O Nge7 7. d3 O-O 8. Bg5 h6 9. Bxe7 Qxe7 10. Ne1 d6 11. Nc2 f5 12. Rb1 a5 13. Nd5 Qd8 14. a3 a4 15. e3 g5 16. f4 Be6 17. b4 axb3 18. Rxb3 Rf7 19. Qb1 Ra7 20. Rb6 h5 21. Rb5 h4 22. gxh4 gxf4 23. exf4 Qxh4 24. Qe1 Qxe1 25. Rxe1 Bh6 26. Rb6 Rg7 27. Kf2 Bf7 28. Reb1 exf4 29. Rxb7 Rxb7 30. Rxb7 Ne5 31. Ne1 f3 32. Bxf3 Nxf3 33. Nxf3 Kh7 34. a4 Bxd5 35. Rxg7+ Bxg7 36. cxd5 Bc3 37. Ke2 Kg6 38. Kd1 Kh5 39. h3 Kg6 40. Kc2 Ba5 41. Kb3 f4 42. Kc4 Kf5 43. Kb5 Bd8 44. a5 Bxa5 45. Kxa5 c4 46. dxc4 Ke4 47. Ng5+ Kf5 48. Nf3 Ke4 49. Nh2 Ke3 50. Kb5 Kf2 51. c5 Kg3 52. cxd6 Kxh3 53. d7 Kxh2 54. d8=Q f3 55. Qf6 f2 56. Qxf2+ Kh1 57. Qe2 Kg1 58. d6 1-0


[Site "https://www.chess.com"]

[Event "Titled Tuesday Blitz August 09 Early 2022"]
[White "Chernikov, Vladimir"]
[Black "Zamorano, Jorge"]
[WhiteFideId "14112914"]
[BlackFideId "173770"]
[WhiteElo "2095"]
[BlackElo "2331"]
[Result "1/2-1/2"]
[Round "03"]
[TimeControl "180+1"]
[Date "2022.08.09"]
[WhiteClock "0:00:56"]
[BlackClock "0:00:58"]

1. b3 Nf6 2. Bb2 d5 3. e3 Bf5 4. Nf3 e6 5. d4 c5 6. Bd3 Bg6 7. Ne5 Nc6 8. f4 Bxd3 9. Qxd3 cxd4 10. exd4 Ne4 11. O-O f5 12. c4 Bd6 13. Nxc6 bxc6 14. Ba3 O-O 15. Bxd6 Qxd6 16. c5 Qc7 17. Nd2 a5 18. g3 Rfb8 19. Nf3 Rb4 20. Ne5 Rab8 21. Rfb1 Qb7 22. a3 Rxb3 23. Rxb3 Qxb3 24. Qxb3 Rxb3 25. Nxc6 a4 26. Nd8 Rb2 27. Nxe6 Nd2 28. c6 Rc2 29. Nc5 Nf3+ 30. Kf1 Nxd4 31. Nxa4 Nxc6 32. h3 h5 33. Nb6 d4 34. a4 Rh2 35. Kg1 Rb2 36. Nc4 Rc2 37. Ne5 Nxe5 38. fxe5 d3 39. Rd1 d2 40. Kf2 Kf7 41. Ke2 Ra2 42. Rxd2 Rxa4 43. Rd7+ Ke6 44. Rxg7 Kxe5 45. Re7+ 1/2-1/2


[Site "https://www.chess.com"]

[Event "Titled Tuesday Blitz August 09 Early 2022"]
[White "Chernomordik, Pavel"]
[Black "Rendle, Thomas E"]
[WhiteFideId "2804530"]
[BlackFideId "408760"]
[WhiteElo "2217"]
[BlackElo "2428"]
[Result "1-0"]
[Round "03"]
[TimeControl "180+1"]
[Date "2022.08.09"]
[WhiteClock "0:00:09"]
[BlackClock "0:00:07"]

1. e4 e6 2. Nc3 d5 3. d4 Nc6 4. e5 f6 5. f4 fxe5 6. fxe5 Qh4+ 7. g3 Qxd4 8. Bd3 Qxe5+ 9. Nge2 Bd6 10. Bf4 Qh5 11. Bxd6 cxd6 12. Nb5 Kd7 13. O-O Nf6 14. Qd2 a6 15. Nbd4 Nxd4 16. Nxd4 e5 17. Bf5+ Ke7 18. Bxc8 Rhxc8 19. Nf5+ Kf8 20. Nxd6 Rc7 21. Rae1 Kg8 22. Rf5 Qg6 23. Rexe5 Rd8 24. Rg5 Qxc2 25. Qxc2 Rxc2 26. Nf5 g6 27. Re7 Ne4 28. Nh6+ Kf8 29. Rf7+ Ke8 30. Re5# 1-0


[Site "https://www.chess.com"]

[Event "Titled Tuesday Blitz August 09 Early 2022"]
[White "Chigaev, Maksim"]
[Black "Papasimakopoulos, Alexandros"]
[WhiteFideId "4108116"]
[BlackFideId "4244125"]
[WhiteElo "2895"]
[BlackElo "2688"]
[Result "1-0"]
[Round "03"]
[TimeControl "180+1"]
[Date "2022.08.09"]
[WhiteClock "0:00:55"]
[BlackClock "0:01:01"]

1. e4 e6 2. d3 d5 3. Nd2 c5 4. Ngf3 Nc6 5. g3 Nge7 6. Bg2 g6 7. O-O Bg7 8. Re1 a5 9. a4 b6 10. c3 Ba6 11. Nb1 O-O 12. Na3 Ra7 13. e5 Rd7 14. h4 h6 15. Bf4 Nf5 16. Nb5 Bxb5 17. axb5 Na7 18. Qa4 Nc8 19. d4 c4 20. Qc2 Ra7 21. Qd2 Kh7 22. Qc2 Ra8 23. Bh3 Na7 24. Bxf5 exf5 25. e6 fxe6 26. Rxe6 Nxb5 27. Rae1 Rf7 28. Ne5 Bxe5 29. R1xe5 a4 30. h5 g5 31. Rxf5 Rxf5 32. Qxf5+ Kg7 33. Be5+ Kg8 34. Qg6+ Kf8 35. Qg7# 1-0


[Site "https://www.chess.com"]

[Event "Titled Tuesday Blitz August 09 Early 2022"]
[White "Daeschler, Florian"]
[Black "Xu, Yi"]
[WhiteFideId "20678193"]
[BlackFideId "8605564"]
[WhiteElo "2187"]
[BlackElo "2471"]
[Result "0-1"]
[Round "03"]
[TimeControl "180+1"]
[Date "2022.08.09"]
[WhiteClock "0:00:16"]
[BlackClock "0:00:17"]

1. e4 c5 2. Nf3 d6 3. Bb5+ Nd7 4. d4 cxd4 5. Qxd4 a6 6. Bxd7+ Bxd7 7. O-O Nf6 8. Bg5 e6 9. Nbd2 Bc6 10. Nc4 b5 11. Nb6 Rb8 12. Nd5 Be7 13. Nxe7 Qxe7 14. Rad1 Rd8 15. Rfe1 O-O 16. Qb6 Qb7 17. Qxb7 Bxb7 18. Nd2 Rc8 19. c3 h6 20. Bxf6 gxf6 21. Nb3 Rfd8 22. f3 Kf8 23. Kf2 Ke7 24. Ke3 h5 25. Na5 Ba8 26. a4 bxa4 27. Ra1 Rb8 28. Re2 d5 29. Rxa4 dxe4 30. fxe4 Rd1 31. b4 Rbd8 32. Nb3 R8d3+ 33. Kf2 Rxc3 34. Nc5 Bc6 35. Rxa6 Bb5 36. Ra7+ Kf8 37. Rc7 Ra3 38. Rc8+ Kg7 39. Rb8 Bxe2 40. Kxe2 Rc1 41. Rb7 Rc2+ 42. Kd1 Rxg2 43. Nxe6+ Kh6 0-1


[Site "https://www.chess.com"]

[Event "Titled Tuesday Blitz August 09 Early 2022"]
[White "Danielyan, Vahe"]
[Black "Avinash, Ramesh"]
[WhiteFideId "13304828"]
[BlackFideId "45018340"]
[WhiteElo "2421"]
[BlackElo "1901"]
[Result "1-0"]
[Round "03"]
[TimeControl "180+1"]
[Date "2022.08.09"]
[WhiteClock "0:01:01"]
[BlackClock "0:00:48"]

1. e4 e6 2. d4 d5 3. Nc3 Nf6 4. Bg5 h6 5. Bxf6 Qxf6 6. Nf3 Bb4 7. e5 Qd8 8. a3 Bxc3+ 9. bxc3 c5 10. a4 Nc6 11. Bb5 a6 12. Bxc6+ bxc6 13. dxc5 Qa5 14. Qd4 Rb8 15. O-O O-O 16. h4 Bd7 17. Rfb1 Qc7 18. Rb6 Rxb6 19. cxb6 c5 20. bxc7 cxd4 21. Rb1 dxc3 22. Rb8 Rc8 23. Nd4 f6 24. Nc6 Kf7 25. Rxc8 Bxc8 26. Na7 Bb7 27. Kf1 fxe5 28. Ke2 e4 29. c8=Q Bxc8 30. Nxc8 Kf6 31. a5 g5 32. hxg5+ hxg5 33. Nb6 Ke5 34. g4 Kd6 35. Ke3 Kc5 36. Nd7+ Kb5 37. Kd4 Kxa5 38. Nf8 Kb4 39. Nxe6 a5 40. Nc7 Ka3 41. Kxc3 d4+ 42. Kxd4 Kb2 43. c4 a4 44. Nb5 e3 45. fxe3 Kb3 46. c5 Kb4 47. c6 Kxb5 48. c7 a3 49. c8=Q a2 50. Qb7+ 1-0


[Site "https://www.chess.com"]

[Event "Titled Tuesday Blitz August 09 Early 2022"]
[White "De Souza, Cristiano Gomes"]
[Black "Pein, Jonathan"]
[WhiteFideId "2151758"]
[BlackFideId "417092"]
[WhiteElo "2068"]
[BlackElo "2140"]
[Result "0-1"]
[Round "03"]
[TimeControl "180+1"]
[Date "2022.08.09"]
[WhiteClock "0:00:27"]
[BlackClock "0:00:14"]

1. d4 e6 2. c4 Bb4+ 3. Bd2 Bxd2+ 4. Qxd2 Nf6 5. Nc3 d6 6. e4 Nc6 7. Nf3 O-O 8. Be2 e5 9. d5 Ne7 10. O-O Ng6 11. b4 Nh5 12. Rfc1 Nhf4 13. Bf1 Bg4 14. Qe3 Qf6 15. c5 Nh3+ 16. gxh3 Bxf3 17. Ne2 Nh4 18. Ng3 Qg6 19. cxd6 cxd6 20. Rc7 f5 21. exf5 Rxf5 22. Rac1 Bxd5 23. Bd3 Nf3+ 24. Kf1 Nxh2+ 25. Ke1 e4 26. Nxf5 Qxf5 27. Bc4 Nf3+ 28. Ke2 Bxc4+ 29. R1xc4 d5 30. R4c5 Rf8 31. Rxb7 Qxh3 32. Rxd5 Qh1 33. Rd1 Qh5 34. Qb3+ Kh8 35. Ke3 Ng5 36. Rdd7 Qf3+ 37. Kd4 Qxf2+ 38. Kd5 Qf5+ 39. Kc4 Ne6 40. Qc3 Rc8+ 41. Kb3 Rxc3+ 42. Kxc3 h6 43. Rb8+ Kh7 44. Re7 e3 45. Rxe6 Qxe6 0-1


[Site "https://www.chess.com"]

[Event "Titled Tuesday Blitz August 09 Early 2022"]
[White "Demchenko, Anton"]
[Black "Janaszak, Dawid"]
[WhiteFideId "4160258"]
[BlackFideId "1119206"]
[WhiteElo "2539"]
[BlackElo "2165"]
[Result "1-0"]
[Round "03"]
[TimeControl "180+1"]
[Date "2022.08.09"]
[WhiteClock "0:00:37"]
[BlackClock "0:00:12"]

1. e4 e6 2. d4 d5 3. Nd2 Nc6 4. Ngf3 Nf6 5. e5 Nd7 6. Bb5 Be7 7. O-O O-O 8. Re1 f5 9. exf6 Bxf6 10. Nb3 Nb6 11. c3 Qe8 12. Bf4 Qf7 13. Bg3 Bd7 14. Nc5 Bc8 15. Nd3 Nd8 16. Nde5 Qe7 17. Bd3 Nf7 18. Qc2 g6 19. Bxg6 Nxe5 20. dxe5 hxg6 21. exf6 Qxf6 22. Bxc7 Nd7 23. Qe2 Nc5 24. Bd6 Ne4 25. Bxf8 Qxf8 26. Nd2 Nd6 27. Qe5 Bd7 28. Re3 Nf5 29. Rh3 Qg7 30. Re1 Rf8 31. Nf3 Ne7 32. Qxg7+ Kxg7 33. Nd4 Rf6 34. Rhe3 Kf7 35. Rf3 Nf5 36. g4 Nh4 37. Rxf6+ Kxf6 38. f4 g5 39. fxg5+ Kxg5 40. Nxe6+ Kxg4 41. Nd4 Ng6 42. Kf2 Kf4 43. Ne2+ Ke5 44. Rg1 Kf6 45. Ke3 Ne7 46. Nd4 Nc6 47. Nxc6 bxc6 48. Kd4 1-0


[Site "https://www.chess.com"]

[Event "Titled Tuesday Blitz August 09 Early 2022"]
[White "Dev, Shah"]
[Black "Drygalov, Sergey"]
[WhiteFideId "35019058"]
[BlackFideId "24171743"]
[WhiteElo "2652"]
[BlackElo "2825"]
[Result "0-1"]
[Round "03"]
[TimeControl "180+1"]
[Date "2022.08.09"]
[WhiteClock "0:00:40"]
[BlackClock "0:01:15"]

1. d4 Nf6 2. c4 e6 3. g3 Bb4+ 4. Nd2 O-O 5. Bg2 d5 6. Nf3 b6 7. cxd5 exd5 8. O-O Bb7 9. Ne5 Nbd7 10. f4 Bd6 11. e3 c5 12. b3 cxd4 13. exd4 Rc8 14. Bb2 Ne4 15. Qe2 f5 16. Ndf3 Qe7 17. a3 a5 18. Rfc1 Rxc1+ 19. Rxc1 Nxe5 20. fxe5 Bxa3 21. Bxa3 Qxa3 22. Rc7 Bc8 23. Qb5 Kh8 24. Qxd5 Qa1+ 25. Bf1 Ba6 26. Rc4 Bxc4 27. bxc4 Qc3 28. Kg2 Qe3 0-1


[Site "https://www.chess.com"]

[Event "Titled Tuesday Blitz August 09 Early 2022"]
[White "Dilanyan, Grigor"]
[Black "Sanal, Vahap"]
[WhiteFideId "13303570"]
[BlackFideId "6300545"]
[WhiteElo "2264"]
[BlackElo "2574"]
[Result "1-0"]
[Round "03"]
[TimeControl "180+1"]
[Date "2022.08.09"]
[WhiteClock "0:00:40"]
[BlackClock "0:01:00"]

1. d4 d6 2. Nf3 c5 3. dxc5 Qa5+ 4. Nbd2 Qxc5 5. e3 g6 6. Be2 Bg7 7. O-O Nf6 8. a3 Qc7 9. b4 Nd5 10. Nd4 Nc3 11. Nb5 Nxe2+ 12. Qxe2 Qxc2 13. Nd4 Qc7 14. Bb2 Qd8 15. Ne6 Bxe6 16. Bxg7 Rg8 17. Bb2 Nc6 18. b5 Na5 19. Rac1 f6 20. Ne4 Rc8 21. Rxc8 Qxc8 22. Bxf6 Qc4 23. Qxc4 Bxc4 24. Rc1 Bd3 25. Rc7 exf6 26. Nxd6+ Kd8 27. Rc8+ Kd7 28. Rxg8 Bb1 29. Ne8 Ba2 30. Rh8 1-0


[Site "https://www.chess.com"]

[Event "Titled Tuesday Blitz August 09 Early 2022"]
[White "Dimitrov, Atanas"]
[Black "Todorovic, Bojan"]
[WhiteFideId "2901315"]
[BlackFideId "917087"]
[WhiteElo "2655"]
[BlackElo "2266"]
[Result "1-0"]
[Round "03"]
[TimeControl "180+1"]
[Date "2022.08.09"]
[WhiteClock "0:02:28"]
[BlackClock "0:01:48"]

1. Nf3 Nf6 2. c4 g6 3. g3 Bg7 4. Bg2 O-O 5. O-O d6 6. Nc3 c6 7. d4 Qa5 8. e4 Qh5 9. Qd3 Bh3 10. Bf4 Nbd7 11. e5 Ne8 12. exd6 Nxd6 13. Rfe1 Bxg2 14. Kxg2 Nf5 15. h3 Nxd4 16. Nxd4 Nc5 17. Qe3 e5 18. Bxe5 Rfe8 19. Nf3 Nd7 20. g4 Rxe5 1-0


[Site "https://www.chess.com"]